 Dungeon Crawl Stone Soup version 0.18-a0-1577-gf591c28 (webtiles) character file.

558 Duffy the Carver (level 7, 0/91 HPs)
             Began as a Deep Dwarf Berserker on Mar 20, 2016.
             Was a Priest of Trog.
             Killed by divine providence
             ... invoked by an orc priest
              (13 damage)
             ... on level 5 of the Dungeon on Mar 21, 2016.
             The game lasted 00:05:07 (2946 turns).

Duffy the Carver (Deep Dwarf Berserker)             Turns: 2946, Time: 00:05:07

Health: 0/91       AC:  8    Str: 25    XL:     7   Next: 9%
Magic:  7/7        EV: 11    Int:  8    God:    Trog [***...]
Gold:   247        SH:  0    Dex: 14    Spells: 0 memorised, 6 levels left

rFire  . . .     SeeInvis +     a - +0 falchion
rCold  . . .     Gourm    .     w - +0 scale mail
rNeg   . . .     Faith    .     (no shield)
rPois  .         Spirit   .     m - +0 helmet
rElec  .         Dismiss  .     (no cloak)
rCorr  .         Reflect  .     C - +0 pair of gloves
SustAt .         Harm     .     (no boots)
MR     +....                    (no amulet)
Stlth  ..........               s - ring of stealth
                                j - ring of see invisible

@: berserking, non-regenerating, very quick, somewhat resistant to hostile
enchantments, extremely unstealthy
A: damage resistance, recharge devices, sense surroundings 1, slow regeneration
3
a: Device Recharging, Berserk, Trog's Hand, Burn Spellbooks, Renounce Religion


You were on level 5 of the Dungeon.
You worshipped Trog.
Trog was most pleased with you.
You were hungry.

You visited 1 branch of the dungeon, and saw 5 of its levels.

You collected 247 gold pieces.


Innate Abilities, Weirdness & Mutations

You are resistant to damage.
You can recharge devices by infusing magical energy.
You passively map a small area around you.
You do not regenerate naturally.


   Skills:
 - Level 2.6 Fighting
 + Level 8.2 Long Blades
 - Level 2.1 Armour
 - Level 2.1 Dodging


You had 6 spell levels left.
You didn't know any spells.

Inventory:

Hand Weapons
 a - a +0 falchion (weapon)
Missiles
 q - 8 tomahawks (quivered)
 r - 16 poisoned needles
Armour
 b - a +0 animal skin
 m - a +0 helmet (worn)
 n - a +0 leather armour
 w - a +0 scale mail (worn)
 C - a +0 pair of gloves (worn)
Jewellery
 j - a ring of see invisible (left hand)
 s - a ring of stealth (right hand)
Wands
 c - a wand of heal wounds (2/9)
 t - a wand of disintegration (1/24)
Scrolls
 f - a scroll of blinking {unknown}
 g - 2 scrolls of remove curse {unknown}
 h - 2 scrolls of identify {unknown}
 i - a scroll of recharging {unknown}
 l - a scroll of enchant armour {unknown}
 u - a scroll of magic mapping {unknown}
 y - 4 scrolls of teleportation
 B - a scroll of immolation {unknown}
Potions
 e - 2 potions of flight {unknown}
 k - 4 potions of curing {unknown}
 p - a potion of brilliance {unknown}
 v - a potion of might {unknown}
 z - a potion of degeneration {unknown}
 A - 2 potions of heal wounds {unknown}
 D - a potion of lignification {unknown}
Comestibles
 d - 4 bread rations
 o - a meat ration

Dungeon Overview and Level Annotations

Branches:
Dungeon (5/15)
 Temple: D:4-7

Altars:
Nemelex Xobeh
Pakellas
Ru
The Shining One


Message History

Things that are here:
a dagger of protection; a robe There isn't anything to butcher here.
Eat which item? (? for menu, Esc to quit)
You can't eat that!
Press: ? - help, v - describe, . - travel, g - get item A dagger of protection.
There is something else lying underneath.
The floor, spattered with blood.
Eat which item? (? for menu, Esc to quit)
You are feeling very hungry.
Mmmm...
Yummy banana.
Eat which item? (? for menu, Esc to quit)
You are feeling hungry.
That lime was rather sour... but delicious nonetheless!
There is a stone staircase leading down, spattered with blood here.
You climb downwards.
The scorpion barely misses you. The orc barely misses you.
There is a stone staircase leading up here.
A red film seems to cover your vision as you go berserk!
You feel yourself moving faster!
You feel mighty!
You feel somewhat more hungry.
The orc priest miscasts a cantrip.
The scorpion stings you but does no damage.
The orc misses you.
You slash the scorpion!
The scorpion is severely wounded.
You closely miss the scorpion.
The scorpion is severely wounded.
The scorpion stings you but does no damage.
The orc hits you but does no damage.
Your scale mail prevents you from hitting the scorpion.
The scorpion is severely wounded.
The orc priest calls down the wrath of Beogh upon you.
Beogh smites you!
You die...

#.......# *
*.....).##
#.......# ,
#.......## *
#........#
##........#
*
#....s.o..#
#...@.....#
#..##.o...##
#. * ##...##
* , #.## * *
## , *,, ,
*, ,


You could see a scorpion, an orc priest and an orc.

Action                   |  1- 3 |  4- 6 |  7- 9 || total
-------------------------+-------+-------+-------++-------
Melee: Falchion          |   113 |   137 |    46 ||   296
Invok: Berserk           |     5 |     9 |     1 ||    15
Evoke: Wand              |       |     3 |       ||     3
  Use: Scroll            |       |     1 |       ||     1
 Stab: Sleeping          |     3 |       |       ||     3
  Eat: Chunk             |     6 |    13 |       ||    19
       Fruit             |       |       |     2 ||     2

Notes
Turn   | Place    | Note
--------------------------------------------------------------
     0 | D:1      | Duffy the Deep Dwarf Berserker began the quest for the Orb.
     0 | D:1      | Reached XP level 1. HP: 20/20 MP: 1/1
   674 | D:2      | Reached XP level 2. HP: 27/27 MP: 2/2
   895 | D:2      | Reached skill level 4 in Long Blades
  1143 | D:2      | Reached ** piety under Trog
  1199 | D:2      | Found an oddly glowing altar of Pakellas.
  1272 | D:2      | Reached XP level 3. HP: 14/33 MP: 3/3
  1478 | D:2      | Reached skill level 5 in Long Blades
  1478 | D:2      | Reached XP level 4. HP: 13/40 MP: 4/4
  1628 | D:3      | Reached XP level 5. HP: 42/46 MP: 5/5
  1738 | D:3      | Found a sacrificial altar of Ru.
  1748 | D:3      | Reached *** piety under Trog
  1873 | D:3      | Reached skill level 6 in Long Blades
  2011 | D:3      | Found a glowing golden altar of the Shining One.
  2120 | D:4      | Noticed a water moccasin
  2250 | D:4      | Killed a water moccasin
  2250 | D:4      | Reached skill level 7 in Long Blades
  2250 | D:4      | Reached XP level 6. HP: 33/55 MP: 6/6
  2600 | D:4      | Reached skill level 8 in Long Blades
  2600 | D:4      | Reached XP level 7. HP: 25/61 MP: 7/7
  2734 | D:4      | Found a sparkling altar of Nemelex Xobeh.
  2898 | D:5      | Entered Level 5 of the Dungeon
  2946 | D:5      | Killed from afar by an orc priest

Vault maps used:
D:1:      scummos_arrival_hexagon, minmay_gold_behind_fungi
D:2:      johnstein_pakellas_dig
D:3:      old_standard_altar, overflow_temple_1_default
D:4:      kennysheep_mini_moat
D:5:      nicolae_dithmenos_shadow_blocks, first_bread

Vanquished Creatures
  A water moccasin
  A giant frog
  A howler monkey
  2 hounds
  An orc priest
  3 orc wizards
  A centaur skeleton
  A worker ant
  5 adders
  An ooze
  4 worms
  2 dart slugs
  A giant gecko
  12 orcs
  2 giant cockroaches
  6 hobgoblins
  7 kobolds
  A quokka
  A ball python
  9 bats
  6 giant newts
  6 goblins
  3 rats
  2 fungi
79 creatures vanquished.
